Description

BC GUD UNIT

VOD

https://www.youtube.com/watch?v=D2LlWLXQcxs

Replay - TvZ BC hellion opening into biotank

Build Order

Get SALT Encoding   

  12  0:00  SCV  
  13  0:13  SCV  
  14  0:17  Supply Depot  
  14  0:25  SCV  
  15  0:29  Refinery  
  15  0:38  SCV  
  16  0:45  Barracks  
  16  0:50  SCV  
  17  1:03  SCV  
  18  1:15  SCV  
  20  1:33  Reaper  
  20  1:34  Orbital Command  
  20  1:44  Command Center  
  20  1:55  Factory  
  20  2:00  SCV  
  21  2:04  Refinery  
  21  2:09  Barracks Reactor  
  21  2:12  SCV  
  21  2:15  Supply Depot  
  22  2:24  SCV  
  23  2:45  Starport  
  23  2:49  Hellion x2  
  28  2:55  Barracks Tech Lab  
  28  2:57  Orbital Command  
  29  3:11  Hellion  
  31  3:21  Fusion Core  
  33  3:28  Viking  
  35  3:35  Hellion x2  
  41  3:49  Barracks Tech Lab  
  42  3:56  Supply Depot x2  
  45  4:17  Hellion  
  49  4:24  Battlecruiser  
  49  4:25  Hellion  
  57  4:37  Supply Depot  
  59  4:51  Command Center  
  62  5:06  Refinery  
  62  5:08  Marine  
  64  5:14  Barracks x2  
  64  5:43  Battlecruiser  
  64  5:44  Factory Reactor, Stimpack  
  64  5:48  Engineering Bay x2, Refinery  
  68  6:09  Orbital Command  
  70  6:12  Marine x3  
  73  6:21  Barracks x2  
  75  6:31  Terran Infantry Armor Level 1, Terran Infantry Weapons Level 1  
  76  6:33  Marine  
  76  6:35  Orbital Command  
  76  6:37  Factory Tech Lab  
  76  6:39  Marine x4  
  82  6:47  Armory  
  82  6:56  Siege Tank  
  87  7:06  Starport Reactor  
  88  7:14  Marine  
  93  7:30  Refinery x2  
  93  7:32  Barracks Reactor x2  
  93  7:39  Siege Tank  
  102  7:45  Combat Shield  
  102  7:47  Medivac x2  
  107  7:56  Terran Vehicle Weapons Level 1  
  108  8:01  Missile Turret x3  
  111  8:11  Siege Tank  
  117  8:17  Medivac  
  128  8:42  Medivac  
  128  8:44  Siege Tank  
  128  8:47  Medivac  
  113  9:08  Factory  
  108  9:16  Barracks x2, Siege Tank, Terran Infantry Weapons Level 2  
  115  9:17  Terran Infantry Armor Level 2  
  108  9:48  Siege Tank  
Spawning Tool Build Advisor. Get it on Overwolf

Go to:

Details

  • Created by: PiG      
  • Published on: Feb 19, 2019
  • Patch: 4.7.1
Show
View Real Time Build Order
Export as new Build Order

Comments (0)

There are no comments. Be the first!

Create an account to comment!